 Dungeon Crawl Stone Soup version 0.19.0-16-g73b5abf (webtiles) character file.

10578 honkan the Spear-Bearer (level 11, -5/99 HPs)
             Began as a Minotaur Berserker on Nov 8, 2016.
             Was an Elder of Trog.
             Slain by a snapping turtle (9 damage)
             ... on level 3 of the Lair of Beasts on Nov 10, 2016.
             The game lasted 01:24:38 (12581 turns).

honkan the Spear-Bearer (Minotaur Berserker)       Turns: 12581, Time: 01:24:39

Health: -5/99      AC: 14    Str: 26    XL:     11   Next: 38%
Magic:  9/9        EV: 13    Int:  4    God:    Trog [****..]
Gold:   732        SH:  0    Dex:  9    Spells: 0 memorised, 10 levels left

rFire  . . .     SeeInvis .     I - +1 scythe (venom)
rCold  + . .     Gourm    .     g - +3 scale mail {rC+}
rNeg   . . .     Faith    +     (shield currently unavailable)
rPois  .         Spirit   .     (helmet restricted)
rElec  .         Reflect  .     (no cloak)
rCorr  +         Harm     .     (no gloves)
MR     .....                    F - +1 pair of boots
Stlth  ++........               J - amulet of faith
                                E - ring of stealth
                                s - ring of resist corrosion

@: lethally poisoned (-5 -> -14), exhausted, slowed, very slow
A: retaliatory headbutt, horns 2, low mp 1
a: Berserk, Trog's Hand, Brothers in Arms, Burn Spellbooks, Renounce Religion


You were on level 3 of the Lair of Beasts.
You worshipped Trog.
Trog was greatly pleased with you.
You were very hungry.

You visited 4 branches of the dungeon, and saw 13 of its levels.
You also visited: Sewer and Ossuary.

You collected 732 gold pieces.

Inventory:

Hand Weapons
 a - a +1 spear
 p - a +0 hunting sling
 q - a +1 dire flail of draining
 I - a +1 scythe of venom (weapon)
 P - a +0 halberd
Missiles
 m - 272 stones (quivered)
Armour
 b - a +0 animal skin
 g - a +3 scale mail of cold resistance (worn)
 F - a +1 pair of boots (worn)
Magical Staves
 f - an uncursed staff of conjuration {unknown}
Jewellery
 s - a ring of resist corrosion (left hand)
 E - a ring of stealth (right hand)
 J - an amulet of faith (around neck)
Wands
 i - a wand of enslavement (14/24)
 t - a wand of iceblast (2/15)
 y - a wand of polymorph (3/24)
 G - a wand of iceblast (3/15)
 K - a wand of paralysis (14/24)
 Q - a wand of slowing (34/48)
 R - a wand of disintegration (17/24)
Scrolls
 c - 2 scrolls of blinking
 e - 2 scrolls of enchant weapon
 l - 3 scrolls of immolation
 n - 6 scrolls of remove curse
 u - 2 scrolls of fog
 w - 6 scrolls of identify
 D - 5 scrolls of teleportation
 H - a scroll of fear
 M - a scroll of enchant armour
Potions
 h - 2 potions of brilliance
 j - 4 potions of agility
 k - 2 potions of flight {unknown}
 o - 4 potions of heal wounds
 r - a potion of might {unknown}
 v - 2 potions of magic {unknown}
 x - a potion of curing
 z - 2 potions of lignification {unknown}
 A - 2 potions of ambrosia {unknown}
 B - 2 potions of haste {unknown}
 C - 2 potions of mutation {unknown}
Comestibles
 d - 7 bread rations
 L - 2 fruits
 O - a slice of pizza


   Skills:
 + Level 10.0 Fighting
 + Level 14.2 Polearms
 + Level 10.4 Armour
 + Level 6.6 Dodging
 + Level 3.2 Stealth
 + Level 0.8 Evocations


You had 10 spell levels left.
You didn't know any spells.

Dungeon Overview and Level Annotations

Branches:
Dungeon (8/15)             Temple (1/1) D:4            Lair (3/6) D:8
 Shoals (1/4) Lair:3
  Snake: Lair:2-4    Spider: Lair:2-4

Altars:
Ashenzari
Cheibriados
Dithmenos
Elyvilon
Fedhas
Gozag
Hepliaklqana
Kikubaaqudgha
Makhleb
Nemelex Xobeh
Okawaru
Ru
Sif Muna
Trog
Uskayaw
Vehumet
Xom
Yredelemnul
Zin
The Shining One

Shops:
D:4 *


Innate Abilities, Weirdness & Mutations

You reflexively headbutt those who attack you in melee.
You have a pair of horns on your head.
Your magical capacity is low. (-10% MP)


Message History

You are poisoned.
The snapping turtle bites you but does no damage.
The merfolk impaler hits you but does no damage.
You are more poisoned.
The merfolk hits you with a trident!
* * * LOW HITPOINT WARNING * * *
The merfolk impaler closely misses you. The snapping turtle closely misses you.
You feel better.
The merfolk impaler hits you but does no damage.
The merfolk misses you. You furiously retaliate!
You headbutt the merfolk. The snapping turtle closely misses you.
The merfolk impaler closely misses you.
The merfolk looks more healthy.
The merfolk barely misses you.
The merfolk impaler hits you with a trident of venom!
* * * LOW HITPOINT WARNING * * *
You are poisoned.
The snapping turtle bites you!
* * * LOW HITPOINT WARNING * * *
The merfolk impaler completely misses you.
The merfolk barely misses you. The snapping turtle bites you!
You die...

### ##.........## ..### ##
##...........# ....####
#.##...........# ###..#.#
#.#.........[.## ##...###
#..............# ##P..P##
##.............##
###...####............###
..#.#..รท#..#mm.......##.#
...........#..@......## ##
....>.........t....###
..........##.......##
........!###.#....##
####.##### ####..## ##
####


You could see a merfolk impaler, a snapping turtle and a merfolk.

Vanquished Creatures
  A catoblepas (Lair:2)
  A sea snake (Shoals:1)
  A manticore (Lair:3)
  A black mamba (Lair:1)
  A spiny frog (Lair:2)
  2 rime drakes
  3 komodo dragons
  5 dream sheep (Lair:2)
  3 hippogriffs
  Sigmund (D:6)
  A wyvern (D:8)
  A wraith (Ossuary)
  Eustachio (D:5)
  4 yaks (Lair:2)
  A hungry ghost (D:7)
  A steam dragon (D:8)
  Menkaure (D:6)
  Edmund (D:5)
  7 water moccasins
  3 porcupines
  An ice beast (D:7)
  A sky beast (D:5)
  A black bear (D:8)
  A necrophage (D:6)
  2 ogres
  5 centaurs
  4 crocodiles
  4 big kobolds
  2 bullfrogs
  2 howler monkeys
  2 vampire bats (D:5)
  3 crimson imps
  A bullfrog zombie (D:5)
  4 hounds
  A centaur zombie (D:6)
  A jelly (D:5)
  3 orc priests
  3 centaur skeletons
  2 orc wizards (D:7)
  2 iguanas
  Terence (D:2)
  2 hell rats (Lair:2)
  Natasha (twice) (D:4)
  7 worker ants
  A mummy (Ossuary)
  4 gnolls (D:4)
  2 howler monkey skeletons
  10 adders
  8 river rats (Lair:2)
  2 shadow imps
  An ooze (D:3)
  A worm (D:6)
  4 dart slugs
  10 leopard geckos
  23 orcs
  5 ball pythons
  6 giant cockroaches
  5 goblins
  8 hobgoblins
  11 jackals
  4 quokkas
  14 bats
  7 frilled lizards
  A giant cockroach zombie (D:5)
  5 gnoll skeletons (Ossuary)
  18 kobolds
  4 kobold skeletons (Ossuary)
  16 orc skeletons (Ossuary)
  A quokka zombie (D:4)
  13 rats
  A rat zombie (D:4)
  A fungus (Sewer)
  A plant (Lair:2)
284 creatures vanquished.

Vanquished Creatures (others)
  5 dream sheep (Lair:1)
  A fungus (Lair:3)
  A plant (Lair:1)
7 creatures vanquished.

Grand Total: 291 creatures vanquished

Notes
Turn   | Place    | Note
-------+----------+-------------------------------------------
     0 | D:1      | honkan the Minotaur Berserker began the quest for the Orb.
     0 | D:1      | Reached XP level 1. HP: 19/19 MP: 0/0
   102 | D:1      | Reached XP level 2. HP: 27/27 MP: 1/1
   718 | D:1      | Reached skill level 4 in Polearms
   933 | D:1      | Reached XP level 3. HP: 33/33 MP: 2/2
  1002 | D:2      | Noticed Terence
  1025 | D:2      | Killed Terence
  1560 | D:2      | Reached XP level 4. HP: 37/41 MP: 3/3
  2089 | D:2      | Reached ** piety under Trog
  2197 | D:3      | Found an iron altar of Okawaru.
  2314 | D:3      | Reached skill level 5 in Polearms
  2314 | D:3      | Reached XP level 5. HP: 47/47 MP: 4/4
  2373 | D:3      | Found a hazy altar of Hepliaklqana.
  3042 | D:4      | Found a sand-covered staircase.
  3052 | Ossuary  | Entered an ossuary
  3052 | Ossuary  | Noticed a wraith
  3052 | Ossuary  | Noticed a wraith
  3052 | Ossuary  | Noticed a wraith
  3296 | Ossuary  | Reached skill level 5 in Fighting
  3393 | Ossuary  | Reached *** piety under Trog
  3463 | Ossuary  | Noticed a wraith
  3498 | Ossuary  | Killed a wraith
  3498 | Ossuary  | Reached skill level 6 in Polearms
  3498 | Ossuary  | Reached XP level 6. HP: 56/56 MP: 5/5
  3564 | D:4      | Found a glowing drain.
  3582 | Sewer    | Entered a sewer
  3841 | Sewer    | Reached XP level 7. HP: 61/61 MP: 6/6
  4148 | D:4      | Found a staircase to the Ecumenical Temple.
  4161 | Temple   | Entered the Ecumenical Temple
  4312 | D:4      | Found Gozag's Platinum Reserve.
  4582 | D:4      | Reached skill level 7 in Polearms
  4738 | D:4      | Noticed Natasha
  4745 | D:4      | Killed Natasha
  4749 | D:4      | Found a shattered altar of Ashenzari.
  4756 | D:4      | Reached skill level 5 in Armour
  4789 | D:4      | Noticed Natasha
  4795 | D:4      | Killed Natasha
  4852 | D:4      | Found a sacrificial altar of Ru.
  5079 | D:4      | Found an opulent altar of Gozag.
  5193 | D:5      | Entered Level 5 of the Dungeon
  5227 | D:5      | Gained mutation: Your magical capacity is low. (-10% MP) [mutagenic meat]
  5247 | D:5      | Reached skill level 8 in Polearms
  5247 | D:5      | Reached XP level 8. HP: 54/70 MP: 6/6
  5683 | D:5      | Reached **** piety under Trog
  5864 | D:5      | Noticed Eustachio
  5870 | D:5      | Reached skill level 1 in Stealth
  5891 | D:5      | Killed Eustachio
  6037 | D:5      | Noticed Edmund
  6045 | D:5      | Killed Edmund
  6045 | D:5      | Reached skill level 9 in Polearms
  6106 | D:5      | Found a burning altar of Makhleb.
  6252 | D:5      | Upgraded the game from 0.19.0-11-g3fc08b3 to 0.19.0-16-g73b5abf
  6355 | D:6      | Noticed Menkaure
  6373 | D:6      | Killed Menkaure
  6462 | D:6      | Found a sparkling altar of Nemelex Xobeh.
  6598 | D:6      | Reached XP level 9. HP: 79/79 MP: 7/7
  6609 | D:6      | Reached skill level 5 in Dodging
  6717 | D:6      | Noticed Sigmund
  6721 | D:6      | Killed Sigmund
  6727 | D:6      | Reached skill level 10 in Polearms
  7777 | D:8      | Reached skill level 11 in Polearms
  7842 | D:8      | Found a faded altar of an unknown god.
  7842 | D:8      | Found a basalt altar of Yredelemnul.
  7850 | D:8      | Found a faded altar of an unknown god.
  7855 | D:8      | Found a faded altar of an unknown god.
  7857 | D:8      | Found a faded altar of an unknown god.
  8244 | D:8      | Noticed a komodo dragon
  8246 | D:8      | Reached XP level 10. HP: 90/90 MP: 8/8
  8251 | D:8      | Reached skill level 12 in Polearms
  8439 | D:8      | Found a staircase to the Lair.
  8511 | Lair:1   | Entered Level 1 of the Lair of Beasts
  8659 | Lair:1   | Noticed a black mamba
  8664 | Lair:1   | Killed a black mamba
  9512 | Lair:1   | Found a shimmering altar of Xom.
  9718 | Lair:2   | Reached skill level 13 in Polearms
 10046 | Lair:2   | Noticed a spiny frog
 10057 | Lair:2   | Killed a spiny frog
 10861 | Lair:2   | Reached XP level 11. HP: 97/97 MP: 9/9
 10934 | Lair:2   | Reached skill level 10 in Armour
 10937 | Lair:2   | Reached ***** piety under Trog
 11324 | Lair:2   | Noticed a catoblepas
 11350 | Lair:2   | Killed a catoblepas
 11836 | Lair:3   | Reached skill level 14 in Polearms
 11843 | Lair:3   | Found a staircase to the Shoals.
 12043 | Lair:3   | Reached skill level 10 in Fighting
 12097 | Shoals:1 | Entered Level 1 of the Shoals
 12100 | Shoals:1 | Noticed a sea snake
 12200 | Shoals:1 | Noticed a merfolk impaler
 12201 | Shoals:1 | Killed a sea snake
 12576 | Lair:3   | HP: 3/99 [merfolk impaler/trident of venom (9)]
 12581 | Lair:3   | HP: 4/99 [snapping turtle (15)]
 12581 | Lair:3   | Slain by a snapping turtle

Skill      XL: |  1  2  3  4  5  6  7  8  9 10 11 |
---------------+----------------------------------+-----
Fighting       | 4 5 6 7 8 9 10 | 10.0
Polearms       | 4 5 6 8 9 11 13 14 | 14.2
Armour         | 3 4 5 7 8 9 10 | 10.4
Dodging        | 3 4 5 6 |  6.6
Stealth        | 1 2 3 |  3.2
Evocations     | |  0.8

Action                   |  1- 3 |  4- 6 |  7- 9 | 10-12 || total
-------------------------+-------+-------+-------+-------++-------
Melee: Spear             |    84 |   187 |   213 |       ||   484
       Headbutt          |     9 |    37 |    52 |    35 ||   133
       Scythe            |       |       |    97 |   150 ||   247
Invok: Berserk           |     4 |    10 |    15 |     8 ||    37
       Trog's Hand       |       |       |     4 |     2 ||     6
       Brothers in Arms  |       |       |     1 |       ||     1
       Burn Spellbooks   |       |       |       |     1 ||     1
Evoke: Wand              |       |       |     2 |       ||     2
  Use: Scroll            |     1 |    10 |     7 |     3 ||    21
       Potion            |     1 |       |     3 |     8 ||    12
 Stab: Sleeping          |     1 |       |       |     2 ||     3
       Distracted        |       |       |       |     1 ||     1
  Eat: Chunk             |     5 |     5 |    13 |    11 ||    34
       Fruit             |     1 |     4 |       |     1 ||     6
       Bread ration      |       |     2 |     3 |       ||     5
       Meat ration       |       |       |     2 |     1 ||     3
       Pizza             |       |       |     1 |       ||     1
       Royal jelly       |       |       |       |     1 ||     1
       Beef jerky        |       |       |       |     1 ||     1
Armor: Animal skin       |     7 |       |       |       ||     7
       Scale mail        |     3 |    56 |   133 |    86 ||   278
Dodge: Dodged            |    51 |    72 |   160 |   127 ||   410
